 Dungeon Crawl Stone Soup version 0.25.1-2-g60ff931df9 (webtiles) character file.

Game seed: 4765693542333694869

14 Johnny the Chiller (level 2, 0/20 HPs)
             Began as a Demigod Ice Elementalist on Aug 23, 2020.
             Slain by a gnoll (7 damage)
             ... on level 1 of the Dungeon.
             The game lasted 00:00:41 (868 turns).

Johnny the Chiller (Demigod Ice Elementalist)        Turns: 868, Time: 00:00:41

Health: 0/20       AC:  2    Str: 11    XL:     2   Next: 15%
Magic:  4/7        EV:  9    Int: 19    God:
Gold:   74         SH:  7    Dex: 16    Spells: 4/5 levels left

rFire    . . .     SeeInvis .   e - +0 spear
rCold    . . .     Gourm    .   h - +0 kite shield
rNeg     . . .     Faith    .   a - +0 robe
rPois    .         Spirit   .   (no helmet)
rElec    .         Reflect  .   (no cloak)
rCorr    .         Harm     .   (no gloves)
MR       .....                  (no boots)
Stlth    ++........             (no amulet)
HPRegen  0.06/turn              (no ring)
MPRegen  0.10/turn              (no ring)

@: no status effects
A: high mp 1
a: no special abilities


You were on level 1 of the Dungeon.
You were not hungry.

You visited 1 branch of the dungeon, and saw 1 of its levels.

You collected 74 gold pieces.

Inventory:

Hand Weapons
 e - a +0 spear (weapon)
Armour
 a - a +0 robe (worn)
 h - a +0 kite shield (worn)
Scrolls
 b - a scroll of remove curse {unknown}
 d - a scroll of identify {unknown}
 f - a scroll of fog {unknown}
 g - a scroll of noise {unknown}
 i - a scroll of fear {unknown}
Comestibles
 c - 5 rations


   Skills:
 - Level 1.7 Dodging
 - Level 1.7 Stealth
 * Level 0.2 Shields
 + Level 2.0 Spellcasting
 * Level 4.0 Ice Magic


You had 4 spell levels left.
You knew the following spells:

 Your Spells              Type           Power        Failure   Level  Hunger
a - Freeze                Ice            ###.         22%         1    #......

Your spell library contained the following spells:

 Spells                   Type           Power        Failure   Level  Hunger
 Frozen Ramparts          Ice            ###...       54%         3    ###....
 Ozocubu's Armour         Chrm/Ice       #.......     83%         3    ###....
 Hailstorm                Conj/Ice       #.......     99%         4    #####..
 Summon Ice Beast         Ice/Summ       #.......     99%         4    #####..


Dungeon Overview and Level Annotations

Branches:
Dungeon (1/15)


Innate Abilities, Weirdness & Mutations

You have an increased reservoir of magic. (+10% MP)


Message History

You freeze the gnoll.
The gnoll is severely wounded.
The gnoll hits you.
Casting: Freeze (safe; 22% risk of failure)
Confirm with . or Enter, or press ? or * to list all spells.
Aiming: Freeze (safe; 22% risk of failure)
Press: ? - help, Shift-Dir - straight line, f/p - gnoll
Aim: a gnoll (severely wounded)
You freeze the gnoll.
The gnoll is severely wounded.
The gnoll hits you.
Casting: Freeze (safe; 22% risk of failure)
Confirm with . or Enter, or press ? or * to list all spells.
Aiming: Freeze (safe; 22% risk of failure)
Press: ? - help, Shift-Dir - straight line, f/p - gnoll
Aim: a gnoll (severely wounded)
You freeze the gnoll.
The gnoll is almost dead.
The gnoll hits you!
You die...

............ #......#
......#####.#.. #.######
.......####.#.# #)#....#
##.#.....##.#.# ####
#.#.##.# ...#.....##.#.# ...
#.#.##.#
.........##.#.###.###
#......#
...##.....#.#.......
###.####
...##.....#.#..##g###.# #.#
##.##.....#.#...@.....# #.#
.#.##........#.#.###### #.#
...............#...#######.#
...............###.#.......#
.......##......# .#.#######
....##.##......# #.######
.... #.##........ #.#....#
... #. #####.#### #.#)##.#
#. .#.####.#....######


You could see a gnoll.

Vanquished Creatures
  A leopard gecko (D:1)
  A giant cockroach (D:1)
  2 goblins (D:1)
  3 hobgoblins (D:1)
  A bat (D:1)
  2 kobolds (D:1)
  2 rats (D:1)
12 creatures vanquished.

Notes
Turn   | Place    | Note
-------+----------+-------------------------------------------
     0 | D:1      | Johnny the Demigod Ice Elementalist began the quest for the
                  | Orb.
     0 | D:1      | Reached XP level 1. HP: 14/14 MP: 5/5
   546 | D:1      | Reached XP level 2. HP: 20/20 MP: 7/7
   568 | D:1      | Reached skill level 4 in Ice Magic
   868 | D:1      | Slain by a gnoll

Illustrated notes

Levels and vault maps discovered:
D:1:      wander_arrival_lonely_grave, layout_basic

Skill      XL: |  1  2 |
---------------+-------+-----
Spellcasting   | 2 |  2.0
Ice Magic      | 4 |  4.0
Dodging        | |  1.7
Stealth        | |  1.7
Shields        | |  0.2

Action                   || total
-------------------------++-------
Melee: Spear             ||    17
       Unarmed           ||     4
 Cast: Freeze            ||    15
 Stab: Sleeping          ||     2
Armor: Robe              ||     4
Dodge: Dodged            ||     7
Block: Kite shield       ||     3
